Map: Celestial Enclave LE

Players

CryingMonkey - Winner!

  • Race: Zerg Zerg
  • League: Gold
  • Spawn Location: 7:00

SCIInewby

  • Race: Zerg Zerg
  • League: Master
  • Spawn Location: 1:00

VOD

Have the link to the VOD?

Description

Time

  • Played on: Feb. 11, 2026, 10:52 a.m.
  • Length: 5:57
Show
View Real Time Build Order
Export as new Build Order

CryingMonkey Zerg - Winner!

Build Orders: Hatch First 

Get SALT Encoding   

  12  0:02  Drone  
  13  0:14  Overlord  
  13  0:16  Drone  
  14  0:33  Drone  
  14  0:34  Drone  
  16  0:36  Drone  
  17  1:01  Hatchery  
  16  1:07  Spawning Pool  
  16  1:08  Drone  
  16  1:11  Drone  
  17  1:22  Drone x2, Extractor  
  18  1:30  Drone  
  19  1:46  Drone  
  20  1:53  Queen  
  22  1:58  Overlord  
  22  2:02  Extractor  
  21  2:11  Zergling x2  
  22  2:21  Queen  
  24  2:23  Zergling x2  
  24  2:24  Zergling x2  
  24  2:26  Metabolic Boost  
  26  2:41  Queen  
  28  2:58  Drone x3  
  30  3:20  Evolution Chamber  
  30  3:21  Evolution Chamber  
  30  3:25  Roach Warren  
  27  3:29  Zergling x2  
  27  3:30  Zergling x10  
  31  3:57  Overlord x3  
  31  4:10  Roach x3  
  35  4:18  Roach x3  
  41  4:36  Roach x3  
  46  4:52  Drone x3  
  49  4:53  Drone x2  
  50  5:17  Drone x2  
  50  5:18  Drone x3  
Show
View Real Time Build Order
Export as new Build Order

SCIInewby Zerg 

Build Orders: Pool First 

Get SALT Encoding   

  12  0:01  Drone  
  13  0:12  Drone  
  14  0:15  Extractor  
  14  0:17  Drone  
  15  0:22  Overlord  
  15  0:44  Spawning Pool, Drone  
  15  0:46  Drone  
  16  0:50  Drone  
  17  0:58  Evolution Chamber  
  17  1:00  Extractor  
  17  1:01  Drone  
  16  1:06  Drone  
  17  1:18  Drone  
  18  1:31  Zergling x2  
  19  1:37  Queen  
  19  1:39  Zergling x2  
  22  1:52  Overlord  
  22  2:06  Metabolic Boost  
  22  2:10  Hatchery  
  22  2:12  Zergling x2  
  22  2:17  Zergling x2  
  23  2:29  Zergling x2  
  24  2:33  Zergling x2  
  24  2:47  Zerg Melee Weapons Level 1  
  24  2:49  Zergling x2  
  25  2:58  Zergling x2  
  25  3:07  Zergling x2  
  26  3:15  Zergling x2  
  26  3:16  Zergling x4  
  27  3:23  Zergling x2  
  27  3:24  Zergling x2  
  27  3:26  Queen  
  31  3:30  Drone  
  32  3:36  Drone, Roach Warren  
  29  3:52  Zergling x2  
  29  3:53  Zergling x8  
  28  4:15  Queen  
  29  4:24  Zergling x2  
  29  4:25  Zergling x2  
  32  4:31  Drone x2  
  32  4:33  Drone  
  29  4:58  Drone x4  
  29  4:59  Drone x2  
  35  5:03  Overlord  
  34  5:18  Zergling x2  
  34  5:19  Zergling x4  
  36  5:22  Zergling x4  
  36  5:24  Zergling x2  
  37  5:32  Zergling x6  
Tags
 
Add a new tag
Caveats
  • Supply blocks, unpowered buildings, or Contaminate may cause inaccurate times.
  • Supply counts are checked every 10 seconds.